 Dungeon Crawl Stone Soup version 0.26-a0-652-gafc20e3620 (webtiles) character file.

Game seed: 11003808285867774911

71 miket3c the Covered (level 4, 0/40 HPs)
             Began as a Minotaur Fighter on Oct 1, 2020.
             Slain by Crazy Yiuf
             ... wielding a +4 quarterstaff of chaos
              (5 damage)
             ... on level 2 of the Dungeon.
             The game lasted 00:01:49 (1717 turns).

miket3c the Covered (Minotaur Fighter)              Turns: 1717, Time: 00:01:49

Health: 0/40       AC:  7    Str: 22    XL:     4   Next: 5%
Magic:  3/3        EV:  7    Int:  5    God:
Gold:   82         SH:  0    Dex:  9    Spells: 3/3 levels left

rFire    . . .     SeeInvis .   a - +0 war axe
rCold    . . .     Faith    .   c - +0 kite shield
rNeg     . . .     Spirit   .   b - +0 scale mail
rPois    .         Reflect  .   (helmet restricted)
rElec    .         Harm     .   (no cloak)
rCorr    .         Rampage  .   (no gloves)
MR       .....                  (no boots)
Stlth    ..........             (no amulet)
HPRegen  0.13/turn              (no ring)
MPRegen  0.08/turn              (no ring)

@: confused, lethally poisoned (0 -> -11), hasted, very quick
A: retaliatory headbutt, horns 2
a: no special abilities


You were on level 2 of the Dungeon.
You visited 1 branch of the dungeon, and saw 2 of its levels.

You collected 82 gold pieces.

Inventory:

Hand Weapons
 a - a +0 war axe (weapon)
Missiles
 e - 73 stones (quivered)
Armour
 b - a +0 scale mail (worn)
 c - a +0 kite shield (worn)
Jewellery
 i - an uncursed amulet of faith {unknown}
 p - an uncursed ring of fire {unknown}
Scrolls
 f - 2 scrolls of blinking {unknown}
 g - a scroll of enchant armour {unknown}
 h - a scroll of enchant weapon {unknown}
 j - a scroll of identify {unknown}
 k - 2 scrolls of noise {unknown}
 l - a scroll of immolation {unknown}
 q - 3 scrolls of fog {unknown}
Potions
 d - a potion of might
 m - a potion of haste {unknown}
 n - a potion of degeneration {unknown}
 o - a potion of curing {unknown}


   Skills:
 + Level 4.3 Fighting
 * Level 3.6 Axes
 + Level 4.3 Armour
 - Level 4.0 Shields


You had 3 spell levels left.
You didn't know any spells.
Your spell library was empty.

Dungeon Overview and Level Annotations

Branches:
Dungeon (2/15)

Altars:
The Shining One

Annotations:
D:2 Crazy Yiuf


Innate Abilities, Weirdness & Mutations

You reflexively headbutt those who attack you in melee.
You have a pair of horns on your head.


Message History

Crazy Yiuf hits you with a +4 quarterstaff of chaos.
You are confused.
Crazy Yiuf hits you with a +4 quarterstaff of chaos.
You are poisoned.
You bump into the rock wall.
You feel sick.
Crazy Yiuf hits you with a +4 quarterstaff of chaos!
You are more poisoned.
You bump into the stone wall.
You feel sick.
Crazy Yiuf yells, "Announcement snockshim illywillydillykilly!"
Crazy Yiuf hits you with a +4 quarterstaff of chaos!
* * * LOW HITPOINT WARNING * * *
You feel yourself speed up.
You bump into the rock wall.
* * * LOW HITPOINT WARNING * * *
You feel sick.
You bump into the rock wall.
* * * LOW HITPOINT WARNING * * *
You feel sick.
Crazy Yiuf hits you with a +4 quarterstaff of chaos.
You die...

#.# #...######## #.#
#.#........# #.#
#...######.# ### #####
#.# #.# ######## #.#
### ###.#....## #.#
#...##..#......## #.#
#...g@####......####.#
#)..### ##.......<...
### #####.......
##.####.. #...#....
### ##....... #.#
#.##.... #.# #.##.#..
#.# #.##.#..


You could see Crazy Yiuf.

Vanquished Creatures
  Terence (D:2)
  An adder (D:2)
  A dart slug (D:1)
  A leopard gecko (D:2)
  A giant cockroach (D:1)
  2 goblins
  2 hobgoblins (D:1)
  2 jackals (D:2)
  8 kobolds
  A quokka (D:2)
  2 ball pythons (D:2)
  5 bats (D:1)
  6 frilled lizards
  3 rats (D:1)
36 creatures vanquished.

Notes
Turn   | Place    | Note
-------+----------+-------------------------------------------
     0 | D:1      | miket3c the Minotaur Fighter began the quest for the Orb.
     0 | D:1      | Reached XP level 1. HP: 19/19 MP: 0/0
   188 | D:1      | Reached XP level 2. HP: 27/27 MP: 1/1
   872 | D:2      | Found a runed translucent door.
   873 | D:2      | Noticed Crazy Yiuf
  1000 | D:2      | Reached XP level 3. HP: 33/33 MP: 2/2
  1277 | D:2      | Noticed Terence
  1293 | D:2      | Killed Terence
  1575 | D:2      | Reached XP level 4. HP: 40/40 MP: 3/3
  1590 | D:2      | Found a glowing golden altar of the Shining One.
  1717 | D:2      | Slain by Crazy Yiuf

Illustrated notes

Levels and vault maps discovered:
D:1:      minmay_arrival_solitary_statue, layout_loops_ring
D:2:      layout_loops_ring, lemuel_coloured_pillars_altar, glass_columns_a,
          uniq_terence, uniq_crazy_yiuf_cottage

Skill      XL: |  1  2  3 |
---------------+----------+-----
Shields        | 4 |  4.0
Armour         | 4 |  4.3
Fighting       | 4 |  4.3
Axes           | 3 |  3.6

Action                   |  1- 3 |  4- 6 || total
-------------------------+-------+-------++-------
Melee: War axe           |    85 |     3 ||    88
       Headbutt          |    12 |     1 ||    13
Armor: Scale mail        |    33 |     1 ||    34
Dodge: Dodged            |    19 |       ||    19
Block: Kite shield       |    38 |       ||    38

Table legend: (Time is in decaauts)
 A = Elapsed time spent in this place.
 B = Non-inter-level travel time spent in this place.
 C = Inter-level travel time spent in this place.
 D = Time resting spent in this place.
 E = Time spent auto-exploring this place.
 F = Levels seen in this place.
 G = Mean time per level.
                   A        B        C        D        E       F      G
               +--------+--------+--------+--------+--------+-----+--------+
         Total |   1754 |   1719 |     35 |     53 |   1427 |   2 |  877.0 |
       Dungeon |   1754 |   1719 |     35 |     53 |   1427 |   2 |  877.0 |
               +--------+--------+--------+--------+--------+-----+--------+

Top non-repeatable levels by time:
     D:1: 880 daAuts
     D:2: 874 daAuts
